 Dungeon Sprint DCSS version 0.17-a0-1996-gd2c0ec8 (webtiles) character file.

35 Kidiri the Sneak (level 3, -8/16 HPs)
             Began as a Spriggan Enchanter on Oct 7, 2015.
             Mangled by a wolf (9 damage)
             ... in the Dungeon (Sprint III: "The Ten Rune Challenge").
             The game lasted 00:01:31 (293 turns).

Kidiri the Sneak (Spriggan Enchanter)                Turns: 293, Time: 00:01:31

Health: -8/16      AC:  3    Str:  4    XL:     3   Next: 17%
Magic:  7/9        EV: 20    Int: 16    God:
Gold:   5          SH:  0    Dex: 17    Spells: 4 memorised, 1 level left

rFire  . . .     SeeInvis +     a - +1 dagger
rCold  . . .     Clarity  .     b - +1 robe
rNeg   . . .     SustAt   .     (shield restricted)
rPois  .         Gourm    .     (helmet restricted)
rElec  .         Spirit   .     (no cloak)
rCorr  .         Warding  .     (gloves unavailable)
rMut   .         NoTele   +     (boots unavailable)
MR     .....                    (no amulet)
Stlth  ++++......               (no ring)
                                (no ring)

@: very slightly contaminated, very quick, not resistant to hostile
enchantments, stealthy
A: unfitting armour, see invisible, herbivore 3, speed 3, slow metabolism 2
a: no special abilities


You were in the Dungeon.
You were not hungry.

You visited 1 branch You collected 5 gold pieces.

Inventory:

Hand Weapons
 a - a +1 dagger (weapon)
Armour
 b - a +1 robe (worn)
Scrolls
 j - a scroll of blinking
Potions
 f - a potion of heal wounds
 g - a potion of haste
 i - a potion of berserk rage
Books
 c - a book of Maledictions

   Spells                             Type                      Level
   a - Corona                         Hexes                        1
   b - Ensorcelled Hibernation        Hexes/Ice                    2
   c - Confuse                        Hexes                        3
   d - Tukima's Dance                 Hexes                        3
   e - Dazzling Spray                 Conjuration/Hexes            3
Comestibles
 d - a bread ration


   Skills:
 * Level 3.1 Short Blades
 + Level 1.0 Armour
 * Level 4.8 Dodging
 * Level 6.2 Stealth
 * Level 4.2 Spellcasting
 + Level 0.0 Conjurations
 + Level 4.2 Hexes
 + Level 1.0 Ice Magic


You had one spell level left.
You knew the following spells:

 Your Spells              Type           Power        Failure   Level  Hunger
a - Corona                Hex            ###....      3%          1    None
b - Ensorcelled Hibernat  Hex/Ice        ##....       10%         2    ##.....
c - Confuse               Hex            ###.....     12%         3    ###....
e - Dazzling Spray        Conj/Hex       ##......     21%         3    ###....


Dungeon Overview and Level Annotations

Branches:
Dungeon (1/1)

Altars:


Innate Abilities, Weirdness & Mutations

You are tiny and cannot use many weapons and most armour.
You have supernaturally acute eyesight.
You are a herbivore.
You cover ground extremely quickly.
You need consume almost no food.


Message History

The wolf barely misses you.
You hit the wolf.
The wolf is heavily wounded.
The wolf bites you.
* * * LOW HITPOINT WARNING * * *
The wolf completely misses you.
Unknown command.
Drink which item? (? for menu, Esc to quit)
Magic courses through your body. The wolf closely misses you.
The wolf misses you.
Casting: Corona
Confirm with . or Enter, or press ? or * to list all spells.
Aiming: Dazzling Spray
Press: ? - help, Shift-Dir - straight line, f/p - wolf
Aim: a wolf (heavily wounded, softly glowing)
The spray of energy hits the wolf.
The wolf is almost dead.
The wolf bites you!
Ouch! That really hurt!
You die...

▓▓▓▓▓▓▓▓▓
▓<..#[..####
▓...#......##
▓..##.......# .#
▓##.##.##...# .#
##.##.###..# ..#
▓#@####.##..# ...+
▓h###..##..##
#...# ▓#.....##..#
#p...#
###..##).p##.....#
##..##....#.h....#
#..###..##.#.....#
#..# #..#####....#
▓▓▓▓ ▓▓▓▓ ▓▓▓▓▓


You could see a wolf.

Vanquished Creatures
  Jessica (D)
  2 oozes (D)
  A rat (D)
4 creatures vanquished.

Vanquished Creatures (others)
  2 draconian scorchers (D)
  A yaktaur (D)
3 creatures vanquished.

Grand Total: 7 creatures vanquished

Notes
Turn   | Place    | Note
--------------------------------------------------------------
     0 | D        | Kidiri the Spriggan Enchanter began the quest for the Orb.
     0 | D        | Reached XP level 1. HP: 9/9 MP: 5/5
    69 | D        | Killed a yaktaur
   214 | D        | Reached skill level 5 in Stealth
   214 | D        | Reached XP level 2. HP: 13/13 MP: 7/7
   218 | D        | Learned a level 2 spell: Ensorcelled Hibernation
   239 | D        | Noticed Jessica
   244 | D        | Killed Jessica
   244 | D        | Reached skill level 1 in Armour
   244 | D        | Reached skill level 6 in Stealth
   244 | D        | Reached skill level 1 in Ice Magic
   244 | D        | Reached XP level 3. HP: 16/16 MP: 7/9
   249 | D        | Learned a level 3 spell: Confuse
   253 | D        | Learned a level 3 spell: Dazzling Spray
   257 | D        | Noticed a wolf
   259 | D        | Killed a white draconian scorcher
   292 | D        | Killed a white draconian scorcher
   293 | D        | Mangled by a wolf

Vault maps used:
D:        dungeon_sprint_mu

Action                   || total
-------------------------++-------
Melee: Dagger            ||    17
 Cast: Ensorcelled Hiber ||     4
       Dazzling Spray    ||     2
       Confuse           ||     1
       Corona            ||     1
  Use: Potion            ||     3
 Stab: Sleeping          ||     2
